[Event "Late-Titled-Tuesday-Blitz-May-14-2024"]
[Site "Chess.com"]
[Date "2024.05.14"]
[Round "2"]
[White "Romkachess"]
[Black "Viktoker"]
[Result "0-1"]
[WhiteElo "2584"]
[BlackElo "2386"]
[TimeControl "180+1"]
[EndTime "14:18:44 PDT"]
[Termination "Viktoker won by resignation"]

1. e4 e5 2. d4 exd4 3. Qxd4 Nc6 4. Qe3 Nf6 5. Nc3 d6 6. Bd2 Be6 7. O-O-O Qd7 8. f4 Bg4 9. Nf3 O-O-O 10. Bb5 Bxf3 11.
gxf3 d5 12. Bxc6 Qxc6 13. Qxa7 Bc5 14. Qa4 Qxa4 15. Nxa4 Bd4 16. e5 Nh5 17. Kb1 g6 18.
Bc1 Ba7 19. Nc3 c6 20. Ne2 Ng7 21. Ng3 h5 22. f5 h4 23. f6 hxg3 24. fxg7 Rxh2 25.
Rxh2 gxh2 26. Rh1 Bg1 27. Bf4 Rg8 28. Bxh2 Bxh2 29. Rxh2 Rxg7 30. f4 Kd7 31. Rg2 Ke6 32. Rg5 Rh7 33. b4 Rh4 34. a3 Rxf4 35. Kb2 Rf5 36. Rg1 Rxe5 37. Rh1 Kf6 38. Rf1+ Rf5 39. Rh1 g5 40. Kc3 g4 41. Kd4 Rf4+ 42. Kc5 Rc4+ 43. Kb6 Rxc2 44. Kxb7 g3 45. a4 g2 46. Rg1 Ke5 47. a5 f5 48. a6 f4 49. Ra1 f3 50.
a7 f2 51. a8=Q f1=Q 52. Qe8+ Kd4 53. Rxf1 gxf1=Q 54. Qh8+ Kc4 55. Qh4+ Kb3 56. Qg3+ Rc3 57. Qd6 Qb5+ 58. Kc8 Qxb4 59. Qxc6 Rxc6+ 0-1

[Event "Late-Titled-Tuesday-Blitz-May-14-2024"]
[Site "Chess.com"]
[Date "2024.05.14"]
[Round "2"]
[White "David_ATM"]
[Black "shirovin"]
[Result "1-0"]
[WhiteElo "2454"]
[BlackElo "2103"]
[TimeControl "180+1"]
[EndTime "14:18:44 PDT"]
[Termination "David_ATM won on time"]

1. e4 Nf6 2. Nc3 d5 3. exd5 Nxd5 4. Nxd5 Qxd5 5. Qf3 Qxf3 6. Nxf3 Nc6 7. c3 Bg4 8. Be2 e5 9. h3 Bd7 10. O-O O-O-O 11.
Re1 f6 12. d3 Bc5 13. Be3 Bxe3 14. fxe3 Bf5 15. d4 Rhe8 16. Bf1 a5 17. Bb5 Bd7 18.
Kf2 Kb8 19. Bf1 Re7 20. Nd2 Rde8 21. a3 a4 22. b4 axb3 23. Nxb3 b6 24. a4 Na5 25.
Nxa5 bxa5 26. d5 Ka7 27. c4 Rb8 28. c5 Rb4 29. c6 Bf5 30. Bb5 Rf7 31. Kf3 Rf8 32. e4 Bc8 33. Reb1 Rxb1 34. Rxb1 Ba6 35. Bxa6 Kxa6 36. Rb7 Rc8 37. h4 g6 38. g4 h6 39.
Kg3 f5 40. gxf5 gxf5 41. exf5 e4 42. Kf4 Rf8 43. Kxe4 Re8+ 44. Kf4 Rf8 45. Ke5 Re8+ 46. Kf6 Re1 47. Kg7 1-0

[Event "Late-Titled-Tuesday-Blitz-May-14-2024"]
[Site "Chess.com"]
[Date "2024.05.14"]
[Round "2"]
[White "Dexter_Dyke"]
[Black "HanSchut"]
[Result "1/2-1/2"]
[WhiteElo "2592"]
[BlackElo "2370"]
[TimeControl "180+1"]
[EndTime "14:18:46 PDT"]
[Termination "Game drawn by repetition"]

1. e4 c5 2. Nf3 d6 3. d4 cxd4 4. Nxd4 Nf6 5. f3 e5 6. Bb5+ Nbd7 7. Nf5 d5 8. exd5 a6 9. Bxd7+ Qxd7 10. Ne3 b5 11.
Nc3 Bb7 12. O-O Bc5 13. Kh1 h6 14. Ne4 Bxe3 15. Nxf6+ gxf6 16. Bxe3 Qxd5 17. Qe1 h5 18. Qh4 f5 19. Rad1 Qe6 20. Rfe1 f6 21. Bc5 Rd8 22. Rxd8+ Kxd8 23. Rd1+ Kc8 24. Rd6 Qc4 25. Qxf6 Rg8 26. Qxf5+ Kb8 27. Bg1 Qe2 28. Rg6 Rxg6 29. Qxg6 e4 30.
Qd6+ Kc8 31. Qf8+ Kc7 32. Qf7+ Kb8 33. Qe8+ Kc7 34. f4 e3 35. Qe5+ Kc8 36. Qf5+ Kc7 37. Qf7+ Kc8 38. Qg8+ Kc7 39. f5 Qf1 40. Qg7+ Kc8 41.
Qf8+ Kc7 42. Qe7+ Kc8 43. Qe6+ Kc7 44. Qe5+ Kc8 45. Qe8+ Kc7 46. Qe7+ Kc8 47. Qc5+ Kb8 48. Qe5+ Kc8 49. Qe8+ Kc7 50. Qe7+ 1/2-1/2

[Event "Late-Titled-Tuesday-Blitz-May-14-2024"]
[Site "Chess.com"]
[Date "2024.05.14"]
[Round "2"]
[White "bazar-wokzal"]
[Black "Rodalquilar"]
[Result "1-0"]
[WhiteElo "2616"]
[BlackElo "2852"]
[TimeControl "180+1"]
[EndTime "14:18:50 PDT"]
[Termination "bazar-wokzal won by checkmate"]

1. e4 d5 2. exd5 Qxd5 3. Nc3 Qa5 4. Nf3 Nf6 5. d4 Bf5 6. Ne5 c6 7. g4 Be6 8. Bc4 Nxg4 9. Bxe6 Nxe5 10. Bc8 Nbd7 11.
Bxb7 Rb8 12. dxe5 Qxe5+ 13. Be3 Rxb7 14. Qd3 e6 15. O-O-O Be7 16. Rhg1 O-O 17. Bd4 Qf4+ 18. Kb1 Bf6 19. Ne4 Bxd4 20. Qxd4 Qe5 21. f4 Qxd4 22. Rxd4 Rfb8 23. b3 Kf8 24. f5 exf5 25. Nd6 Rb4 26.
Nxf5 Rxd4 27. Nxd4 Ne5 28. Re1 f6 29. Kb2 Rd8 30.
Ne6+ Ke7 31. Nxd8 Kxd8 32. Kc3 Kd7 33. Rd1+ Ke7 34. Kb4 g5 35. Ka5 g4 36. Ka6 h5 37.
Kxa7 h4 38. a4 f5 39. a5 f4 40. a6 g3 41. Kb7 f3 42. a7 g2 43. a8=Q Ke6 44. Qe8+ Kf5 45. Qf8+ Ke4 46. Qf6 Ng4 47. Re1+ Ne3 48. Qe6+ Kf4 49. Qxe3+ Kg4 50. Qf2 Kf4 51. Re3 g1=Q 52. Rxf3+ Kg4 53. Rf4+ Kh3 54. Qxg1 c5 55. Qg4+ Kxh2 56. Rf2+ Kh1 57. Qg2# 1-0

[Event "Late-Titled-Tuesday-Blitz-May-14-2024"]
[Site "Chess.com"]
[Date "2024.05.14"]
[Round "2"]
[White "PapaieDudu"]
[Black "ChessSwole"]
[Result "0-1"]
[WhiteElo "2371"]
[BlackElo "2612"]
[TimeControl "180+1"]
[EndTime "14:18:50 PDT"]
[Termination "ChessSwole won by resignation"]

1. Nf3 c5 2. e3 Nf6 3. d4 d5 4. dxc5 e6 5. Bb5+ Bd7 6. Bxd7+ Nbxd7 7. b4 a5 8. c3 axb4 9. cxb4 b6 10. c6 Bxb4+ 11.
Bd2 Bxd2+ 12. Nbxd2 Nc5 13. O-O Qd6 14. Nc4 Qxc6 15. Nd4 Qc7 16. Nb5 Qc6 17. Ncd6+ Ke7 18. a4 Rhd8 19. Nf5+ exf5 20. Nd4 Qd7 21. Qb1 Kf8 22.
Qxb6 Nfe4 23. f3 Ra6 24. Qb5 Qxb5 25. axb5 Rxa1 26. Rxa1 Nd6 27. b6 g6 28. Nc6 Rc8 29. Nb4 Nb3 30. Ra7 d4 31. exd4 Rc4 32. Nd5 Rxd4 33. b7 Nxb7 34. Rxb7 Nc5 35. Rb8+ Kg7 36. Ne3 f4 37. Ng4 Rd1+ 38. Kf2 h5 39. Ke2 Rg1 40. Nf2 Rxg2 41. h3 Nd3 42. Kxd3 Rxf2 43. Ke4 g5 44. h4 g4 45. fxg4 hxg4 46. Rb5 g3 47.
Rg5+ Kh6 48. Kf5 g2 49. Kf6 f3 50. Rg8 Kh7 51. Rg5 Rf1 52. Kxf7 Kh6 53. Rg8 Kh5 54.
Rh8+ Kg4 55. Rg8+ Kxh4 56. Rh8+ Kg3 57. Rg8+ Kf2 0-1

[Event "Late-Titled-Tuesday-Blitz-May-14-2024"]
[Site "Chess.com"]
[Date "2024.05.14"]
[Round "2"]
[White "aceontheturn"]
[Black "Squirlolz"]
[Result "1-0"]
[WhiteElo "2810"]
[BlackElo "2567"]
[TimeControl "180+1"]
[EndTime "14:18:51 PDT"]
[Termination "aceontheturn won on time"]

1. Nf3 c5 2. e3 Nf6 3. b3 g6 4.
Bb2 Bg7 5. c4 O-O 6. Be2 b6 7.
O-O Bb7 8. d4 cxd4 9. Nxd4 Nc6 10.
Nc3 Rc8 11. Bf3 Na5 12. Bxb7 Nxb7 13. Qf3 Nc5 14. Rfd1 Qc7 15. Rd2 Qb7 16. Qxb7 Nxb7 17. Nf3 Nc5 18. Nd5 Nxd5 19. Bxg7 Kxg7 20. Rxd5 Rfd8 21. Rad1 Kf6 22. h4 e6 23. R5d4 Ke7 24. b4 Na4 25. a3 b5 26. c5 Nb2 27. Rb1 Nc4 28. a4 d5 29. axb5 Rb8 30. Rxc4 dxc4 31. Ne5 Rxb5 32. Nc6+ Kd7 33. Nxa7 Rbb8 34. b5 Ra8 35. b6 Rdb8 36. c6+ Kd6 37. c7 Rb7 38. c8=Q Rxc8 39. Nxc8+ Kc5 40. Kf1 c3 41. Ke2 Rb8 42. b7 c2 43. Rc1 Rxb7 44. Rxc2+ Kd5 45. e4+ Ke5 46. Rc3 f5 47. exf5 gxf5 48. Kf3 h5 49.
Re3+ Kf6 50. Nd6 Rb4 51. Ne8+ Ke7 52. Ng7 Kf7 53. Nxe6 Rxh4 54. Nf4 Rh1 55. Ra3 Ra1 56. Rxa1 1-0

[Event "Late-Titled-Tuesday-Blitz-May-14-2024"]
[Site "Chess.com"]
[Date "2024.05.14"]
[Round "2"]
[White "adriangschnitzer"]
[Black "HipsterChess22"]
[Result "1-0"]
[WhiteElo "2490"]
[BlackElo "2195"]
[TimeControl "180+1"]
[EndTime "14:18:52 PDT"]
[Termination "adriangschnitzer won on time"]

1. d4 d5 2. c4 e6 3. Nc3 c6 4. e4 dxe4 5. Nxe4 c5 6. dxc5 Qxd1+ 7. Kxd1 Nf6 8. Nd6+ Bxd6 9. cxd6 Ne4 10. Be3 Nxd6 11.
Nf3 Nc6 12. Kc2 O-O 13. Bc5 Rd8 14. Rd1 Nf5 15. Rxd8+ Nxd8 16. g4 Nh6 17. h3 b6 18.
Be3 Bb7 19. Bg2 Rc8 20. b3 Be4+ 21. Kb2 Nc6 22. Nh4 Bxg2 23. Nxg2 Rd8 24. Kc3 f6 25. Bxh6 gxh6 26. Nf4 Kf7 27. Re1 Ne5 28. Re2 Rd7 29. Rd2 Re7 30. Rd8 Ng6 31. Nh5 e5 32.
Kd3 Nf4+ 33. Nxf4 exf4 34. Rd4 Re1 35. Rxf4 Ra1 36. a4 Rb1 37. Kc2 Rh1 38. Rf3 Ke6 39.
b4 Ke5 40. c5 bxc5 41. bxc5 Kd5 42. Rxf6 Rxh3 43. c6 Kd4 44. Rd6+ Kc4 45. c7 Rc3+ 46.
Kb2 Kb4 47. Rd4+ Kc5 48. Kxc3 1-0

[Event "Late-Titled-Tuesday-Blitz-May-14-2024"]
[Site "Chess.com"]
[Date "2024.05.14"]
[Round "2"]
[White "karinachess1"]
[Black "FaustinoOro"]
[Result "0-1"]
[WhiteElo "2628"]
[BlackElo "2924"]
[TimeControl "180+1"]
[EndTime "14:18:53 PDT"]
[Termination "FaustinoOro won by resignation"]

1. d4 Nf6 2. c4 c6 3. Nf3 d5 4. g3 e6 5. Bg2 Bd6 6. Qd3 O-O 7. O-O Nbd7 8. Nbd2 b6 9. b3 Bb7 10. Bb2 c5 11.
cxd5 Nxd5 12. e4 Nb4 13. Qe2 cxd4 14. Nxd4 Ne5 15. Rfd1 Ba6 16. Nc4 Nxc4 17. bxc4 Qc7 18. Nb5 Bxb5 19. cxb5 Rac8 20. a3 Nc2 21. Rac1 Rfd8 22.
Rd2 Bxa3 23. Rdxc2 Bc5 24. Ba3 Qe7 25. Bxc5 bxc5 26. Qc4 h6 27. h4 Rd4 28. Qc3 e5 29. Ra2 Rc7 30. Ra6 Qd7 31. Rca1 c4 32. R6a5 Qd6 33.
Rxa7 Rxa7 34. Rxa7 Qc5 35. Ra8+ Kh7 36. Ra1 Rd3 37. Qc2 Qd4 38. Rc1 Rd2 39. Bf1 Rxc2 40.
Rxc2 c3 41. Kh2 g6 42. Kg1 Qb4 43. Bd3 Qb3 44. Kf1 Kg7 45. Ke2 Kf6 46. Ke3 Qb4 47. Ke2 Ke6 48. f3 Kd6 49. g4 Kc5 50. Rc1 Kd4 51. Rd1 Qb2+ 52. Bc2+ Kc4 53. Ke3 Qxc2 54. Rd5 Qc1+ 0-1

[Event "Late-Titled-Tuesday-Blitz-May-14-2024"]
[Site "Chess.com"]
[Date "2024.05.14"]
[Round "2"]
[White "MuhittinBuker"]
[Black "cristianserban1"]
[Result "0-1"]
[WhiteElo "2207"]
[BlackElo "2484"]
[TimeControl "180+1"]
[EndTime "14:18:56 PDT"]
[Termination "cristianserban1 won by checkmate"]

1. d4 Nf6 2. c4 b6 3. Nc3 Bb7 4. Nf3 g6 5. g3 Bg7 6. Bg2 O-O 7. O-O Ne4 8. Qc2 Nxc3 9. Qxc3 c5 10. Be3 Nc6 11. Qd2 cxd4 12. Nxd4 Rc8 13. Rfd1 d6 14. Rac1 Qc7 15. b3 Rfd8 16. Nb5 Qb8 17. Bh6 Bh8 18. Bg5 Re8 19. e4 Ba8 20. Be3 Ne5 21. h3 Nd7 22. Bd4 Bxd4 23. Qxd4 Nc5 24. Qe3 Bb7 25.
Qh6 Bxe4 26. Rd4 Bxg2 27. Rh4 e6 28. Qxh7+ Kf8 29. Kxg2 a6 30. Rf4 Qb7+ 31. f3 axb5 32. b4 Nd3 33. Qh8+ Ke7 34. Rxf7+ Kxf7 35. Qh7+ Kf6 36.
Qxb7 Nxc1 37. Qxb6 Rxc4 38. h4 d5 39. Qxb5 Rec8 40.
a4 Nb3 41. a5 Nd4 42. Qb6 Nf5 43. b5 Rc2+ 44. Kh3 g5 45. h5 g4+ 46. Kxg4 Ne3+ 47.
Kf4 Nf1 48. g4 R8c4+ 49. Qd4+ Rxd4# 0-1

[Event "Late-Titled-Tuesday-Blitz-May-14-2024"]
[Site "Chess.com"]
[Date "2024.05.14"]
[Round "2"]
[White "Hrant_ChessMood"]
[Black "Cipy77"]
[Result "1-0"]
[WhiteElo "2951"]
[BlackElo "2640"]
[TimeControl "180+1"]
[EndTime "14:18:57 PDT"]
[Termination "Hrant_ChessMood won by resignation"]

1. d4 Nf6 2. c4 e6 3. Nc3 Bb4 4.
e3 O-O 5. Bd3 c5 6. Nf3 b6 7.
O-O cxd4 8. exd4 Bb7 9. Bg5 Be7 10. Qe2 d5 11. cxd5 Nxd5 12. Qe4 g6 13. Qh4 Bxg5 14. Nxg5 Nf6 15. Be4 Bxe4 16. Ncxe4 Nbd7 17. Rad1 Kg7 18. d5 exd5 19. Nc3 h6 20. Nf3 Nc5 21. Qd4 Ne6 22. Qe5 Qc7 23. Qxf6+ Kxf6 24. Nxd5+ Kg7 25. Nxc7 Nxc7 26. Rd7 Ne6 27. Rfd1 Rad8 28. Ne5 Kf6 29. Ng4+ Kg7 30. Ne3 Rxd7 31. Rxd7 Rc8 32. g3 Rc7 33. Rd6 Kf8 34. h4 Ke7 35. Rd1 Rc5 36. b4 Re5 37. a4 Re4 38. Kg2 h5 39. Kf3 Rd4 40. Rxd4 Nxd4+ 41. Ke4 Ne6 42. Kd5 Kd7 43. Nc4 Nc7+ 44.
Ke5 Na6 45. Kf6 Nxb4 46. Kxf7 Nd3 47. f4 Nc5 48. Kxg6 Nxa4 49. Kxh5 b5 50. Na5 Nc5 51. Kg6 b4 52. h5 Ke7 53. h6 Ne6 54. h7 Nf8+ 55. Kg7 Nxh7 56. Kxh7 Kf6 57. g4 Ke6 58. g5 1-0

[Event "Late-Titled-Tuesday-Blitz-May-14-2024"]
[Site "Chess.com"]
[Date "2024.05.14"]
[Round "2"]
[White "marik_spb"]
[Black "osielchesslover2011"]
[Result "1-0"]
[WhiteElo "2498"]
[BlackElo "2225"]
[TimeControl "180+1"]
[EndTime "14:18:58 PDT"]
[Termination "marik_spb won by resignation"]

1. e4 c5 2. Nf3 d6 3. d4 cxd4 4. Nxd4 Nf6 5. Nc3 a6 6. a4 e6 7.
Bd3 Nbd7 8. O-O Nc5 9. Bg5 Nxd3 10. cxd3 Be7 11. Kh1 Qa5 12. f4 Bd7 13. Qb3 h6 14. Bxf6 Bxf6 15. Qxb7 Qd8 16. e5 Be7 17. exd6 Bxd6 18.
f5 e5 19. Ne6 fxe6 20. fxe6 Bxe6 21. Qxg7 Rf8 22. Ne4 Qe7 23. Nf6+ Kd8 24. Qxh6 Rb8 25. Rac1 Rxb2 26. Ne4 Bc7 27. Rxf8+ Kd7 28. Nc5+ Kd6 29. Rf6 Kd5 30. Nxe6 Ba5 31. Qg6 Qb4 32. Qe4+ Qxe4 33.
dxe4+ Kxe4 34. Nc5+ Kd4 35. Nxa6 Rd2 36. Rd6+ Ke3 37.
Rxd2 Kxd2 38. Rb1 e4 39. Nc5 e3 40. Nb3+ Kc2 41. Nxa5 Kxb1 42. Nc4 e2 43. Nd2+ Kc2 44. Nf3 Kd1 45. a5 1-0

[Event "Late-Titled-Tuesday-Blitz-May-14-2024"]
[Site "Chess.com"]
[Date "2024.05.14"]
[Round "2"]
[White "BjarkeSahl"]
[Black "AccioChess"]
[Result "0-1"]
[WhiteElo "2095"]
[BlackElo "2452"]
[TimeControl "180+1"]
[EndTime "14:18:58 PDT"]
[Termination "AccioChess won on time"]

1. e4 c5 2. Nf3 Nc6 3. Bb5 g6 4. Bxc6 dxc6 5. d3 Bg7 6. O-O Nf6 7. Nbd2 O-O 8. h3 Ne8 9. Nc4 Nc7 10. Ne3 e5 11. Rb1 Ne6 12. Nc4 f6 13. b3 Nd4 14.
Ba3 b6 15. Nxd4 Qxd4 16. Bb2 Qd8 17. f4 exf4 18. Rxf4 Be6 19. Nd2 Qc7 20. Rf1 f5 21.
Bxg7 Qxg7 22. exf5 gxf5 23. Nf3 Kh8 24. Qd2 Bd5 25. Qf4 Rae8 26. Rf2 Rf6 27. Kh2 Bxf3 28. Qxf3 f4 29. Rbf1 h6 30. Qg4 Qc7 31. Kh1 Ref8 32. Qh4 Kh7 33. Rf3 R8f7 34. Qf2 Qe5 35. Re1 Qd5 36. Re4 Qd6 37. a4 a5 38. Qe2 Kg7 39. Re5 Qd4 40. Qe4 Qa1+ 41. Kh2 Qc1 42. Qe2 Rg6 43.
Re7 Rf6 44. Rxf7+ Kxf7 45. Qe5 Kg6 46. Qe4+ Kg7 47. Qe7+ Kg6 48. Qe4+ Kf7 49. Qh7+ Ke6 50. Qe4+ Kd6 51. c4 Qd2 52. d4 cxd4 53. Rd3 Qf2 54. Rxd4+ Kc5 0-1

[Event "Late-Titled-Tuesday-Blitz-May-14-2024"]
[Site "Chess.com"]
[Date "2024.05.14"]
[Round "2"]
[White "Schattman"]
[Black "AradNazari"]
[Result "0-1"]
[WhiteElo "2561"]
[BlackElo "2802"]
[TimeControl "180+1"]
[EndTime "14:18:59 PDT"]
[Termination "AradNazari won on time"]

1. d4 Nf6 2. Bf4 g6 3. c3 Bg7 4. Nd2 O-O 5. h3 b6 6. e3 Bb7 7. Ngf3 d6 8. a4 Nbd7 9. a5 bxa5 10. Rxa5 c5 11. Qa1 Nd5 12. Bh2 cxd4 13. exd4 e5 14. dxe5 Re8 15. Bb5 Bxe5 16. O-O Bxh2+ 17. Kxh2 Re6 18.
Rxa7 Nc5 19. Rxa8 Bxa8 20. Nd4 Rf6 21. b4 Nf4 22. Nc6 Bxc6 23. Bxc6 Nce6 24. Qa8 Nd3 25. Ne4 Rf4 26. Nxd6 Nxf2 27. Qxd8+ Nxd8 28. Bf3 Nd3 29. Rd1 Nb2 30. Rd2 Na4 31. Ne4 Ne6 32. c4 f5 33. Nd6 g5 34. Bd5 g4 35. Bxe6+ Kg7 36.
hxg4 fxg4 37. Kg3 Rf6 38. Bxg4 Rg6 39. Kh3 Rh6+ 40. Kg3 Rg6 41. Nf5+ Kf6 42. Kf3 Kg5 43. Bh3 h5 44. Rd5 Rf6 45. Kg3 Nc3 46. Re5 Ra6 47. b5 Ra3 48. Kh2 Kf4 49. b6 Kxe5 50. c5 Rb3 51. Ne7 Na4 52. Bd7 Nxc5 53. Bc6 Rxb6 54. Ng6+ Kf6 55. Nf4 Rxc6 56. Nd5+ Kg5 57. Ne3 Rd6 58.
Nd5 Rxd5 59. g4 hxg4 0-1

[Event "Late-Titled-Tuesday-Blitz-May-14-2024"]
[Site "Chess.com"]
[Date "2024.05.14"]
[Round "2"]
[White "Love7Unicorn"]
[Black "ZachHKL"]
[Result "1/2-1/2"]
[WhiteElo "2516"]
[BlackElo "2309"]
[TimeControl "180+1"]
[EndTime "14:19:03 PDT"]
[Termination "Game drawn by repetition"]

1. d4 Nf6 2. c4 e6 3. g3 c5 4. d5 exd5 5. cxd5 d6 6. Nc3 g6 7.
Bg2 Bg7 8. Nf3 O-O 9. O-O a6 10. a4 Qe7 11. h3 Re8 12. Re1 Nbd7 13. Bf4 h6 14. g4 Kh7 15. e4 Ne5 16. Nxe5 dxe5 17.
Be3 Rd8 18. Qd2 g5 19. f3 b6 20.
Kf2 Bb7 21. Rad1 Ne8 22. Rh1 Nd6 23. Bf1 Rac8 24. Be2 Kg6 25. h4 f6 26. Qc2 Qc7 27.
Qb3 Rb8 28. Rh2 Rh8 29. hxg5 hxg5 30. Rdh1 Rxh2+ 31. Rxh2 Bc8 32. Qd1 b5 33. Qh1 Kf7 34. Rh7 Kg8 35. Qh5 b4 36. Nd1 c4 37. Qg6 Qf7 38.
Qxf7+ Nxf7 39. Rxg7+ Kxg7 40. Bxc4 Nd6 41. Bd3 Bd7 42.
b3 a5 43. Ke2 Rc8 44. Bd2 Nb7 45. Nb2 Nc5 46. Bc4 Kf7 47. Nd3 Nxd3 48. Kxd3 Ke7 49. Be3 Kd6 50. Bb6 Ra8 51. Kd2 Bc8 52. Bb5 Bd7 53. Bc4 Ke7 54. Bc5+ Kd8 55. Bb6+ Ke7 56. Bc5+ Kf7 57. Bb6 Ke7 1/2-1/2

[Event "Late-Titled-Tuesday-Blitz-May-14-2024"]
[Site "Chess.com"]
[Date "2024.05.14"]
[Round "2"]
[White "glebus008"]
[Black "DeArron_Fox"]
[Result "1/2-1/2"]
[WhiteElo "2370"]
[BlackElo "2545"]
[TimeControl "180+1"]
[EndTime "14:19:07 PDT"]
[Termination "Game drawn by repetition"]

1. e4 c5 2. Nf3 e6 3. d4 cxd4 4.
Nxd4 a6 5. Bd3 Bc5 6. Nb3 Ba7 7. O-O Ne7 8. c4 O-O 9. Nc3 Nbc6 10. Qe2 d6 11. Kh1 Ne5 12. Bc2 b5 13. cxb5 axb5 14.
Nxb5 Ba6 15. a4 Rc8 16. f4 N5c6 17. Qh5 Nb4 18. Nxa7 Nxc2 19. Nxc8 Nxa1 20. Nxe7+ Qxe7 21. Rf3 Be2 22. Nxa1 Rc8 23. Be3 Qb7 24. b3 Qxe4 25. h3 Qb1+ 26. Kh2 Qxa1 27. Qa5 Bxf3 28. gxf3 Qb2+ 29.
Kg3 h6 30. Qa6 Qc2 31. Qxd6 Qxb3 32. Bd4 Qxa4 33. Qe5 f6 34. Qxe6+ Kh7 35. Qxc8 Qxd4 36. Qf5+ g6 37. Qc8 Qa7 38. Qf8 Qg7 39. Qe8 g5 40. f5 h5 41. Qe6 h4+ 42. Kg4 Qc7 43. Qxf6 Qf4+ 44. Kh5 Qxf3+ 45. Kxg5 Qg3+ 46. Kh5 Qf3+ 47. Kg5 Qg3+ 48. Kh5 Qf3+ 49. Kxh4 Qf4+ 50. Kh5 Qf3+ 51. Kg5 Qg3+ 52. Kh5 Qxh3+ 53. Kg5 Qg3+ 54. Kh5 Qf3+ 55. Kg5 Qg3+ 56. Kh5 Qh3+ 57. Kg5 Qg3+ 1/2-1/2

[Event "Late-Titled-Tuesday-Blitz-May-14-2024"]
[Site "Chess.com"]
[Date "2024.05.14"]
[Round "2"]
[White "GrotBchess"]
[Black "MarceloPlaya"]
[Result "1-0"]
[WhiteElo "2539"]
[BlackElo "2329"]
[TimeControl "180+1"]
[EndTime "14:19:08 PDT"]
[Termination "GrotBchess won on time"]

1. e4 e6 2. d4 d5 3. Nc3 Bb4 4.
e5 c5 5. a3 Bxc3+ 6. bxc3 Ne7 7. h4 Qa5 8. Bd2 Nbc6 9. h5 h6 10. Qg4 Nf5 11. Bd3 Nce7 12. Nf3 Bd7 13. O-O c4 14.
Be2 O-O-O 15. Rfb1 g6 16. hxg6 fxg6 17. a4 Rdg8 18. Rb4 g5 19. Qh5 Be8 20. Qh2 Ng6 21. Ne1 h5 22. Bxg5 h4 23. Bf6 Rh7 24. Nf3 h3 25.
Ng5 Rh6 26. Nxe6 hxg2 27. Qxg2 Nge7 28. Ng5 Ng6 29. Bg4 Bd7 30. Kf1 Ngh4 31. Qh3 Ng6 32.
Qf3 Ngh4 33. Qf4 Ng6 34. Qxf5 Bxf5 35. Bxf5+ Kb8 36. Ke2 Nf4+ 37. Ke3 Ng2+ 38. Kd2 Rxf6 39. exf6 Rxg5 40. Be6 Qc7 41. f7 Qf4+ 42. Ke2 Nh4 43. Rf1 Qf3+ 44. Kd2 Qf4+ 45. Kd1 Rg2 46. Bxd5 Rxf2 47.
Rxf2 Qxf2 48. Rxb7+ Kc8 49. Re7 Ng6 50. Re8+ Kd7 51.
Kc1 Qf6 52. Bxc4 Qg7 53. Kb2 Nf8 54. Ra8 1-0

[Event "Late-Titled-Tuesday-Blitz-May-14-2024"]
[Site "Chess.com"]
[Date "2024.05.14"]
[Round "2"]
[White "DishonorOnYourCow"]
[Black "ClauAmura"]
[Result "1-0"]
[WhiteElo "2533"]
[BlackElo "2302"]
[TimeControl "180+1"]
[EndTime "14:19:08 PDT"]
[Termination "DishonorOnYourCow won on time"]

1. d4 Nf6 2. c4 e6 3. Nf3 c5 4. d5 b5 5. Qc2 bxc4 6. e4 Bb7 7. Bxc4 exd5 8. exd5 Bd6 9. O-O O-O 10. Bg5 h6 11. Bh4 Be7 12. Nc3 d6 13. Rfe1 Nbd7 14. Rad1 Re8 15.
Bg3 Nf8 16. Bb5 N6d7 17. Ne4 Qb6 18. Bc4 Nf6 19. b3 Nh5 20. Bh4 Bxh4 21. Nxh4 Nf4 22. Nf5 Rad8 23. Qc3 f6 24. Qg3 N4g6 25. Nfxd6 Re5 26.
Nxb7 Qxb7 27. Nxc5 Rxe1+ 28. Rxe1 Qb4 29. Nd3 Qd2 30.
Qe3 Qxa2 31. h4 Kh8 32. h5 Ne5 33. Nxe5 fxe5 34. Qxe5 Nh7 35. Qe7 Rf8 36. Re2 Qb1+ 37. Kh2 Qf5 38. d6 Qxh5+ 39. Kg1 Qf5 40. d7 Qa5 41.
Qxf8+ Nxf8 42. Re8 Qa1+ 43. Kh2 Qf6 44. d8=Q Qf4+ 45.
Kg1 Qc1+ 46. Bf1 Kh7 47. Rxf8 Qxf1+ 48. Kxf1 1-0

[Event "Late-Titled-Tuesday-Blitz-May-14-2024"]
[Site "Chess.com"]
[Date "2024.05.14"]
[Round "2"]
[White "simaopdias"]
[Black "manmanlai1"]
[Result "1-0"]
[WhiteElo "2237"]
[BlackElo "2566"]
[TimeControl "180+1"]
[EndTime "14:19:13 PDT"]
[Termination "simaopdias won by resignation"]

1. e4 c5 2. Nf3 e6 3. d4 cxd4 4. Nxd4 a6 5. c4 Qc7 6. Bd3 g6 7. O-O Bg7 8. Be3 Nc6 9. Nxc6 bxc6 10. Qc2 d6 11. Nd2 c5 12. Rad1 Ne7 13. f4 Bb7 14.
Nf3 O-O 15. b3 Rfd8 16. Bc1 a5 17. Bb2 a4 18. Bxg7 Kxg7 19. f5 Ng8 20. bxa4 exf5 21. exf5 Qe7 22. Rde1 Qd7 23. Ng5 h6 24. Nxf7 Kxf7 25.
fxg6+ Kg7 26. Rf7+ Qxf7 27. gxf7 Kxf7 28. Be4 Bxe4 29. Qxe4 Nf6 30. Rf1 Re8 31. Qh7+ Ke6 32.
Qxh6 Rf8 33. Qh3+ Ke7 34. Qe3+ Kd8 35. Qg5 Ke7 36. Re1+ Kd7 37. Qf5+ Kc6 38. Re6 Nd7 39. Qd5+ Kc7 40. Qxd6+ Kd8 41. Qe7+ Kc7 42. Qd6+ Kd8 43. Re7 Ra7 44. Rxd7+ Rxd7 45. Qxf8+ Kc7 46. Qxc5+ Kb7 47. a5 Rd1+ 48. Kf2 Ka8 49. Qc6+ Ka7 50. Qb6+ Ka8 51.
Qc6+ Kb8 52. Qe8+ Ka7 53. Qf7+ Ka6 54. Qg6+ Ka7 55. Qh7+ Ka6 56. Qh6+ Ka7 57. Qb6+ Ka8 58. Qb5 Ka7 59. a6 Rd2+ 60. Ke1 Rd7 61. Qb7+ Rxb7 62. axb7 Kxb7 63. h4 Kc6 64. g4 Kd6 65. Kf2 Ke6 66. Kf3 Ke5 67. h5 Kf6 68. a4 Kg5 69. a5 1-0

[Event "Late-Titled-Tuesday-Blitz-May-14-2024"]
[Site "Chess.com"]
[Date "2024.05.14"]
[Round "2"]
[White "Nick12772"]
[Black "dianamirza"]
[Result "0-1"]
[WhiteElo "2424"]
[BlackElo "1963"]
[TimeControl "180+1"]
[EndTime "14:19:13 PDT"]
[Termination "dianamirza won by resignation"]

1. Nf3 d5 2. g3 c6 3. Bg2 g6 4. O-O Bg7 5. d4 Nf6 6. Bf4 O-O 7. Qc1 Ne4 8. Bh6 Bg4 9. Bxg7 Kxg7 10. Nbd2 Nxd2 11.
Qxd2 Nd7 12. c3 Bxf3 13. Bxf3 e5 14. e4 dxe4 15. Bxe4 f5 16. Bg2 f4 17. dxe5 f3 18. Bh3 Nxe5 19. Rad1 Qxd2 20. Rxd2 Rad8 21. Rfd1 Rxd2 22.
Rxd2 Kf6 23. Rd4 g5 24. Rd6+ Kg7 25. Re6 g4 26. Bf1 Nd7 27. Bc4 Nb6 28. Bb3 Rd8 29.
Re7+ Kg6 30. h3 gxh3 31. Bc2+ Kf6 32. Rxh7 Rd2 33. Be4 h2+ 34. Kxh2 Rxf2+ 35. Kh3 Nc4 36.
Kg4 Nd2 37. Kf4 Nxe4 38. Kxe4 Rxb2 39. Kxf3 Rxa2 40. Rxb7 a5 41. Rb6 Ke5 42. Rxc6 a4 43. Ra6 Ra3 44. Kg4 Rxc3 45. Rxa4 Kf6 46. Ra5 Kg7 47.
Kh4 Rc6 48. g4 Kf7 49. Kg5 Kg7 50. Ra7+ Kg8 51. Re7 Kf8 52. Re5 Kf7 53. Rf5+ Kg7 54. Kh5 Rh6+ 55. Kg5 Rc6 56. Rc5 Rxc5+ 57. Kh4 Kg6 58. g5 Rxg5 59. Kh3 Rb5 60. Kh4 Ra5 61. Kg3 Ra4 62. Kf3 Kg5 63. Ke3 Kf5 64. Kd3 Ke5 65.
Kc3 Rh4 66. Kb3 Kd5 67. Kc3 Rg4 0-1

[Event "Late-Titled-Tuesday-Blitz-May-14-2024"]
[Site "Chess.com"]
[Date "2024.05.14"]
[Round "2"]
[White "gmcorrales"]
[Black "Dolphin_2010"]
[Result "1-0"]
[WhiteElo "2934"]
[BlackElo "2636"]
[TimeControl "180+1"]
[EndTime "14:19:14 PDT"]
[Termination "gmcorrales won by checkmate"]

1. d4 d5 2. Nf3 Nf6 3. c4 c6 4. cxd5 cxd5 5. Nc3 Nc6 6. Bf4 a6 7. Rc1 Bf5 8. e3 Rc8 9. Qb3 Na5 10. Qa4+ Bd7 11.
Qd1 e6 12. Bd3 Be7 13. Ne5 Nc4 14. Bxc4 dxc4 15. O-O Nd5 16. Qg4 Bf6 17. Bg3 h5 18. Qf3 h4 19. Bf4 Nxf4 20. Qxf4 O-O 21. Ne4 Bc6 22.
Rxc4 Bxe5 23. Qxe5 Bxe4 24. Rxc8 Qxc8 25. Qxe4 b5 26. h3 Qc4 27. b3 Qe2 28. a4 b4 29.
d5 exd5 30. Qxd5 Qc2 31. Rd1 a5 32. Qd3 Qb2 33. Rd2 Qf6 34. Qd4 Qf5 35. e4 Qf4 36. e5 Qf5 37. Rd3 g6 38. Rf3 Qb1+ 39. Kh2 Qc1 40.
Qxh4 Qc7 41. Qf4 Re8 42. Re3 Re6 43. Qg3 Kg7 44. f4 Kf8 45. Qf3 Qc1 46. Rd3 Kg7 47. Qg3 Qc2 48. Rd8 Qc7 49. Qh4 f6 50. Qh8+ Kf7 51. Qh7# 1-0